 Dungeon Crawl Stone Soup version 0.22-a0-362-g535178c (webtiles) character file.

57373 4thArraOfDagon the Geomancer (level 14, -6/63 HPs)
             Began as a Felid Necromancer on Apr 19, 2018.
             Was the Champion of Cheibriados.
             Splashed by a deep elf sorcerer's acid (13 damage)
             ... on level 3 of the Elven Halls.
             The game lasted 01:15:28 (15800 turns).

4thArraOfDagon the Geomancer (Felid Necromancer)   Turns: 15800, Time: 01:15:28

Health: -6/63      AC: -1    Str: 19    XL:     14   Next: 45%
Magic:  39/39      EV: 38    Int: 37    God:    Cheibriados [******]
Gold:   1437       SH:  0    Dex: 33    Spells: 15/36 levels left
                                        Lives:  0   Deaths: 4

rFire    . . .     SeeInvis +     - Unarmed
rCold    + + .     Gourm    .   (shield unavailable)
rNeg     . . .     Faith    .   (armour unavailable)
rPois    .         Spirit   .   (helmet unavailable)
rElec    +         Reflect  .   (cloak unavailable)
rCorr    .         Harm     .   (gloves unavailable)
MR       ++...                  (boots unavailable)
Stlth    ++++++....             M - amulet of magic regeneration
HPRegen  1.20/turn              n - ring of magical power
MPRegen  0.51/turn              a - +4 ring of evasion

@: corroded, regenerating, very slow
A: very small, no armour, no weapons or thrown items, stealth, claws 1, fangs 3,
see invisible, carnivore, cold resistance 1, speed 1, shaggy fur 3, electricity
resistance, slow metabolism 1, wild magic 1, sharp paws
a: Bend Time, Temporal Distortion, Slouch, Step From Time, Renounce Religion


You were on level 3 of the Elven Halls.
You worshipped Cheibriados.
Cheibriados was exalted by your worship.
You were very full.

You visited 4 branches of the dungeon, and saw 21 of its levels.
You also visited: Labyrinth and Ice Cave.

You collected 2619 gold pieces.
You spent 1182 gold pieces at shops.

Inventory:

Hand Weapons
 P - a +0 giant spiked club
Jewellery
 a - a +4 ring of evasion (right paw)
 c - an uncursed ring of protection from cold
 n - a ring of magical power (left paw)
 p - an uncursed ring of fire
 r - an uncursed ring of protection from fire
 s - a +4 ring of protection
 A - a +4 ring of protection
 F - a +4 ring of intelligence
 K - an uncursed ring of poison resistance
 M - an amulet of magic regeneration (around neck)
 S - a cursed ring of loudness {unknown}
 T - a cursed ring of loudness {unknown}
Wands
 m - a wand of flame (129)
 v - a wand of polymorph (34)
 C - a wand of enslavement (10)
 E - a wand of paralysis (9)
 G - a wand of iceblast (14)
 H - a wand of disintegration (25)
 I - a wand of acid (7)
Scrolls
 e - 11 scrolls of remove curse
 f - 3 scrolls of fog {unknown}
 g - 3 scrolls of fear
 j - 2 scrolls of enchant armour {unknown}
 o - 3 scrolls of teleportation
 q - 4 scrolls of magic mapping
 w - 2 scrolls of torment {unknown}
 x - a scroll of silence {unknown}
 y - a scroll of summoning
 B - 2 scrolls of immolation {unknown}
 D - 11 scrolls of identify
 Q - a scroll of holy word {unknown}
 R - 2 scrolls of blinking
Potions
 d - 2 potions of mutation
 h - 2 potions of ambrosia
 k - 6 potions of curing
 t - 4 potions of might
 u - 2 potions of haste
 z - 4 potions of cancellation
 J - 7 potions of heal wounds
 L - 4 potions of lignification
 N - a potion of magic
 O - 3 potions of brilliance
Miscellaneous
 i - a lightning rod (4/4)
 l - a phantom mirror
Comestibles
 b - 40 rations


   Skills:
 - Level 8.0 Fighting
 - Level 12.0 Dodging
 - Level 11.0 Stealth
 - Level 12.2 Unarmed Combat
 + Level 11.8 Spellcasting
 - Level 7.0 Necromancy
 - Level 6.8 Transmutations
 - Level 14.3 Earth Magic
 - Level 8.0 Invocations
 - Level 4.0 Evocations


You had 15 spell levels left.
You knew the following spells:

 Your Spells              Type           Power        Failure   Level  Hunger
a - Pain                  Necr           ####         1%          1    None
b - Vampiric Draining     Necr           #######...   1%          3    None
c - Regeneration          Chrm/Necr      ######....   2%          3    None
d - Animate Skeleton      Necr           N/A          1%          1    None
e - Lee's Rapid Deconstr  Erth           ########..   1%          5    None
f - Passwall              Tmut/Erth      #######...   1%          2    None
g - Statue Form           Tmut/Erth      #######..    6%          6    ###....


Dungeon Overview and Level Annotations

Branches:
Dungeon (15/15)            Temple (1/1) D:7            Lair (0/6) D:10
    Orc (2/2) D:11            Elf (3/3) Orc:2        Vaults (0/5) D:14
 Depths: D:15

Altars:
Ashenzari
Cheibriados
Dithmenos
Elyvilon
Fedhas
Gozag
Hepliaklqana
Kikubaaqudgha
Makhleb
Nemelex Xobeh
Okawaru
Qazlal
Ru
Sif Muna
Trog
Uskayaw
Vehumet
Wu Jian
Xom
Yredelemnul
Zin
The Shining One
Beogh

Shops:
D:8 :   D:9 *   D:13 ?   Orc:1 *   Orc:2 ?(!!   Elf:2 [   Elf:3 [

Annotations:
D:3 p0werm0de's ghost, weakling DDFi
D:7 5 runed doors
D:8 Impy's ghost, novice OgWz
Elf:2 3 runed doors


Innate Abilities, Weirdness & Mutations

You cannot wear armour.
You are incapable of wielding weapons or throwing items.
Your paws allow you to move quietly. (Stealth)
You have sharp claws.
You have razor-sharp teeth.
You have supernaturally acute eyesight. (SInv)
You are carnivorous and can eat meat at any time.
You cover ground quickly.
Your thick and shaggy fur keeps you warm. (AC +3, rC+)
You have a slow metabolism.
Your sharp claws are effective at attacking unaware monsters.
Your flesh is cold resistant. (rC+)
You are resistant to electric shocks. (rElec)
Your spells are a little harder to cast, but a little more powerful.


Message History

The bolt of acid misses you.
There is an open door, spattered with blood here.
Things that are here:
a short sword x2; a leather armour Unknown command.
Unknown command.
Unknown command.
You revert to your normal fleshy form.
The deep elf sorcerer gestures at you while chanting.
The sphere of damnation explodes!
The damnation engulfs you!
Items here: ( ))) [ ÷ Unknown command.
Unknown command.
The deep elf sorcerer closely misses you.
The deep elf sorcerer points at you and mumbles some strange words.
The bolt of acid hits you!
Ouch! That really hurt!
* * * LOW HITPOINT WARNING * * *
You are splashed with acid!
The acid burns!
You die...

≈≈#..#...# #...#**,,,**
≈≈#..#...# *#...##*,** ≈≈#..#...#
*#...##** ≈≈#..#...# ####...#
#####
≈≈#..#...#######.(##.####...#####
≈≈#''##....'.(....()...'.........
≈##...##..^#...[.......#)).......
##(....##).#....e).....#.........
#......)#'######@###############'
#......)'.......)).....(...).....
#.......'........................
##.....##########################
≈##...##≈≈≈≈≈≈≈≈≈≈≈≈≈≈≈≈≈≈≈≈≈≈≈≈≈
≈≈#####≈≈≈≈†≈≈≈≈≈≈≈≈≈≈≈≈≈≈≈≈≈≈≈≈≈
≈≈≈≈≈≈≈≈≈..............^.........
..≈≈≈≈≈..........................
.................................


You could see a deep elf sorcerer.

Vanquished Creatures
  Saint Roka (Elf:2)
  A deep elf master archer (Elf:3)
  A deep elf blademaster (Elf:3)
  Roxanne (D:14)
  A frost giant (IceCv)
  2 deep elf elementalists (Elf:3)
  The ghost of Soeti the Blocker, a journeyman OpFi of Hepliaklqana (Orc:2)
  2 deep elf demonologists (Elf:3)
  4 deep elf annihilators (Elf:3)
  The ghost of Demitroll the Carver, a journeyman DsMo of Cheibriados (Orc:2)
  Josephine (Orc:1)
  2 deep elf death magi (Elf:3)
  4 deep elf high priests
  A rakshasa (D:14)
  3 centaur warriors
  18 two-headed ogres
  A death knight (D:13)
  A tengu warrior (D:13)
  14 dancing weapons
  3 ogre magi (Orc:2)
  Urug (D:14)
  An orc high priest (Orc:2)
  Nergalle (Orc:1)
  10 deep elf knights
  2 deep trolls (Orc:2)
  4 unseen horrors
  49 deep elf magi
  16 deep elf archers
  2 orc knights (Orc:1)
  A mana viper (shapeshifter) (D:15)
  2 orc sorcerers
  5 cyclopes
  An ugly thing (D:11)
  A manticore (D:11)
  A black mamba (shapeshifter) (D:15)
  A kobold demonologist (D:14)
  A freezing wraith (D:15)
  A komodo dragon (D:10)
  A harpy zombie (D:15)
  A jumping spider (shapeshifter) (D:15)
  A yaktaur (shapeshifter) (D:15)
  A troll (shapeshifter) (D:15)
  13 trolls
  4 hornets
  15 polar bears (IceCv)
  3 hippogriffs
  2 water elementals
  5 air elementals
  6 wraiths
  3 wyverns
  28 yaks
  6 fire elementals
  5 hungry ghosts
  A steam dragon (D:6)
  A basilisk (D:15)
  2 vampire mosquitoes (D:15)
  5 wargs
  A swamp worm (shapeshifter) (Elf:1)
  An acid dragon (D:15)
  A soldier ant (D:12)
  17 orc warriors
  8 sky beasts
  An ice beast (D:12)
  2 black bears
  2 eyes of draining
  4 phantoms
  10 wolves (IceCv)
  27 ogres
  13 centaurs
  2 crocodiles
  5 big kobolds
  6 bullfrogs
  A wyvern skeleton (D:7)
  A wyvern zombie (D:11)
  3 scorpions
  A troll zombie (D:11)
  7 wights
  9 killer bees
  An electric eel (Elf:3)
  4 howler monkeys
  A bullfrog zombie (D:13)
  3 centaur zombies
  A wyvern simulacrum (D:14)
  2 quasits
  6 crimson imps
  4 hounds
  6 jellies
  2 bullfrog skeletons
  3 centaur skeletons
  A gnoll shaman (D:5)
  13 orc priests
  18 orc wizards
  3 iguanas
  Jessica (D:2)
  12 worker ants
  7 ogre zombies (D:11)
  A howler monkey zombie (D:5)
  A howler monkey skeleton (D:11)
  12 adders
  12 gnolls
  3 shadow imps
  An ooze (D:3)
  2 adder zombies
  2 worms
  A dart slug (D:3)
  7 leopard geckos
  72 orcs
  3 ball pythons
  6 giant cockroaches
  7 goblins
  6 hobgoblins
  4 jackals
  24 kobolds
  6 quokkas
  5 bats
  5 frilled lizards
  2 goblin skeletons (D:11)
  A goblin zombie (D:11)
  A hobgoblin zombie (D:11)
  A jackal skeleton (D:9)
  2 orc skeletons (D:11)
  18 orc zombies (D:11)
  8 rats
689 creatures vanquished.

Vanquished Creatures (collateral kills)
  An ogre (D:7)
  A crimson imp (D:7)
  A goblin zombie (D:11)
3 creatures vanquished.

Vanquished Creatures (others)
  A minotaur (Lab)
  A rime drake (IceCv)
  A polar bear (IceCv)
  A water elemental (Elf:1)
4 creatures vanquished.

Grand Total: 696 creatures vanquished

Notes
Turn   | Place    | Note
-------+----------+-------------------------------------------
     0 | D:1      | 4thArraOfDagon the Felid Necromancer began the quest for the Orb.
     0 | D:1      | Reached XP level 1. HP: 7/7 MP: 4/4
   170 | D:2      | Reached XP level 2. HP: 3/11 MP: 1/6
   195 | D:3      | Noticed p0werm0de's ghost (weakling DDFi)
   209 | D:2      | seriously
   236 | D:2      | Noticed Jessica
   239 | D:2      | Gained mutation: Your spells are a little harder to cast, but a little more powerful. [potion of mutation]
   239 | D:2      | Gained mutation: You are resistant to electric shocks. (rElec) [potion of mutation]
   239 | D:2      | Gained mutation: Your flesh is cold resistant. (rC+) [potion of mutation]
   551 | D:2      | Killed Jessica
   551 | D:2      | Reached XP level 3. HP: 11/14 MP: 3/7
   556 | D:2      | Learned a level 3 spell: Vampiric Draining
   560 | D:2      | Learned a level 3 spell: Regeneration
   567 | D:2      | Found a shattered altar of Ashenzari.
   791 | D:3      | Found an iron altar of Okawaru.
   851 | D:3      | Reached skill level 5 in Necromancy
   940 | D:3      | Found a faded altar of an unknown god.
  1011 | D:3      | Reached XP level 4. HP: 8/18 MP: 2/9
  1022 | D:3      | Learned a level 1 spell: Animate Skeleton
  1163 | D:3      | Found a deep blue altar of Sif Muna.
  1265 | D:4      | Found a basalt altar of Yredelemnul.
  1289 | D:5      | Entered Level 5 of the Dungeon
  1318 | D:5      | Noticed an ogre
  1346 | D:5      | Killed an ogre
  1346 | D:5      | Reached XP level 5. HP: 2/21 MP: 0/10
  1529 | D:5      | Found a sparkling altar of Nemelex Xobeh.
  1529 | D:5      | Noticed a sky beast
  1558 | D:5      | Noticed a centaur
  1573 | D:5      | Killed a centaur
  1573 | D:5      | Gained mutation: You are covered in thick fur. (AC +2) [Felid growth]
  1573 | D:5      | Reached XP level 6. HP: 19/24 MP: 5/11
  1733 | D:5      | Found a white marble altar of Elyvilon.
  1751 | D:5      | Reached skill level 1 in Unarmed Combat
  1930 | D:6      | Reached skill level 1 in Fighting
  1952 | D:6      | Noticed a steam dragon
  1953 | D:6      | Found a hide-covered altar of Uskayaw.
  2044 | D:6      | Reached XP level 7. HP: 9/28 MP: 3/12
  2086 | D:6      | Found an opulent altar of Gozag.
  2120 | D:7      | Found the +9 staff of Olgreb {rPois}
  2121 | D:7      | Found a runed gate.
  2122 | D:7      | Found a runed door.
  2169 | D:7      | Found a runed gate.
  2169 | D:7      | Found a runed gate.
  2177 | D:7      | Found a runed door.
  2455 | D:7      | Reached skill level 5 in Stealth
  2464 | D:7      | Found a staircase to the Ecumenical Temple.
  2466 | D:7      | Found a glowing golden altar of the Shining One.
  2467 | D:7      | Found a stormy altar of Qazlal.
  2479 | Temple   | Entered the Ecumenical Temple
  2614 | Temple   | Became a worshipper of Cheibriados the Contemplative
  2619 | Temple   | not much choice :(
  2687 | D:7      | Reached XP level 8. HP: 27/34 MP: 7/13
  2757 | D:7      | ZomBoFoB: а ты хотел ashenzri?
  2786 | D:7      | Reached skill level 5 in Dodging
  2941 | D:6      | Reached skill level 5 in Unarmed Combat
  3153 | D:5      | Reached skill level 1 in Invocations
  3166 | D:5      | Reached * piety under Cheibriados
  4430 | D:2      | Reached ** piety under Cheibriados
  5294 | D:4      | Noticed a two-headed ogre
  5301 | D:4      | Killed a two-headed ogre
  5301 | D:4      | Reached XP level 9. HP: 39/39 MP: 14/14
  5705 | D:5      | Found a blossoming altar of Fedhas.
  5908 | D:5      | Found a radiant altar of Vehumet.
  6035 | D:6      | Reached *** piety under Cheibriados
  6197 | D:6      | Reached skill level 5 in Fighting
  6842 | D:8      | Noticed Impy's ghost (novice OgWz)
  6898 | D:8      | Found Meojirru's Book Shop.
  6991 | D:8      | Slain by Impy's ghost
  6992 | D:8      | Reached XP level 8. HP: -1/37 MP: 20/22
  7022 | D:8      | Noticed a two-headed ogre
  7027 | D:8      | Killed a two-headed ogre
  7027 | D:8      | Reached XP level 9. HP: 40/40 MP: 14/14
  7061 | D:8      | Found an ancient bone altar of Kikubaaqudgha.
  7158 | D:9      | Noticed a two-headed ogre
  7235 | D:9      | Killed a two-headed ogre
  7248 | D:9      | Found a shimmering altar of Xom.
  7510 | D:9      | Reached **** piety under Cheibriados
  7670 | D:9      | Found Worchifuq's Assorted Antiques.
  7677 | D:9      | Noticed a troll
  7680 | D:9      | Bought a scroll labeled OFASAOT IMEETUXY for 27 gold pieces
  7680 | D:9      | Bought a scroll labeled ASULAR SEPET for 27 gold pieces
  7680 | D:9      | Bought a scroll labeled IJEYSEE SICE for 27 gold pieces
  7687 | D:9      | Killed a troll
  7843 | D:10     | Entered Level 10 of the Dungeon
  7884 | D:10     | Reached XP level 10. HP: 34/45 MP: 15/15
  7966 | D:10     | Noticed an orc knight
  7974 | D:10     | an orc knight changed into a hippogriff
  8024 | D:10     | Noticed an unseen horror
  8057 | D:10     | Noticed an eight-headed hydra
  8070 | D:10     | Noticed a centaur warrior
  8327 | D:10     | Found a staircase to the Lair.
  8367 | D:10     | Killed an unseen horror
  8367 | D:10     | Reached skill level 5 in Invocations
  8575 | D:10     | Mangled by a troll
  8576 | D:10     | Reached XP level 9. HP: -6/42 MP: 20/23
  8695 | D:10     | Killed a centaur warrior
  8723 | D:11     | Reached skill level 1 in Evocations
  8728 | D:11     | Reached XP level 10. HP: 23/46 MP: 0/15
  8752 | D:11     | Found a staircase to the Orcish Mines.
  8815 | D:11     | Reached skill level 10 in Stealth
  8968 | D:11     | Reached ***** piety under Cheibriados
  8997 | D:11     | Noticed a manticore
  9024 | D:11     | Killed a manticore
  9157 | D:11     | Noticed a white ugly thing
  9296 | D:12     | Noticed an unseen horror
  9309 | D:12     | Reached skill level 10 in Unarmed Combat
  9392 | D:12     | Noticed a cyclops
  9406 | D:12     | Killed a cyclops
  9406 | D:12     | Reached XP level 11. HP: 45/50 MP: 18/18
  9439 | D:12     | Noticed a deep elf mage
  9512 | D:12     | Noticed a two-headed ogre
  9530 | D:12     | Killed a two-headed ogre
  9625 | D:11     | Killed a white ugly thing
  9683 | D:12     | Noticed a deep elf mage
  9695 | D:12     | Reached ****** piety under Cheibriados
  9704 | D:12     | Killed a deep elf mage
  9718 | D:12     | Learned a level 5 spell: Lee's Rapid Deconstruction
  9734 | D:12     | Noticed a two-headed ogre
  9736 | D:12     | Killed a two-headed ogre
  9736 | D:12     | Reached skill level 10 in Dodging
  9823 | D:12     | Killed a deep elf mage
  9823 | D:12     | Reached skill level 1 in Earth Magic
  9845 | D:13     | Noticed a tengu warrior
  9899 | D:13     | Noticed a centaur warrior
  9933 | D:13     | Killed a centaur warrior
  9968 | D:13     | Found Mebre's Magic Scroll Boutique.
  9983 | D:13     | Reached skill level 2 in Earth Magic
  9986 | D:13     | Bought a scroll of identify for 24 gold pieces
  9986 | D:13     | Bought a scroll of identify for 24 gold pieces
  9986 | D:13     | Bought 3 scrolls of identify for 72 gold pieces
 10007 | D:13     | Found a frozen archway.
 10015 | IceCv    | Entered an ice cave
 10312 | IceCv    | Reached skill level 3 in Earth Magic
 10320 | IceCv    | Reached skill level 5 in Spellcasting
 10320 | IceCv    | Gained mutation: Your thick and shaggy fur keeps you warm. (AC +3, rC+) [Felid growth]
 10320 | IceCv    | Reached XP level 12. HP: 37/55 MP: 20/20
 10516 | IceCv    | Noticed a frost giant
 10542 | IceCv    | Reached skill level 4 in Earth Magic
 10729 | IceCv    | Killed a frost giant
 10740 | IceCv    | Found the +3 Elemental Staff {rElec rF++ rC++ MR++ AC+5}
 10770 | D:13     | Noticed a death knight
 10888 | D:14     | Noticed Urug
 11123 | D:14     | Reached skill level 5 in Earth Magic
 11185 | D:15     | Entered Level 15 of the Dungeon
 11187 | D:15     | Found a labyrinth entrance.
 11214 | D:15     | Noticed a centaur warrior
 11284 | D:15     | Killed a centaur warrior
 11362 | Lab      | Entered a labyrinth
 11508 | Lab      | Noticed a minotaur
 11512 | Lab      | Killed a minotaur
 11512 | Lab      | Reached XP level 13. HP: 44/58 MP: 12/23
 11693 | D:15     | Learned a level 2 spell: Passwall
 11805 | D:15     | Reached skill level 6 in Earth Magic
 11996 | D:14     | Noticed Roxanne
 11997 | D:14     | Turgon: Statue form!
 11997 | D:14     | 4thArraOfDagon: oh yes!
 12002 | D:14     | Killed Roxanne
 12043 | D:14     | Learned a level 6 spell: Statue Form
 12088 | D:14     | Reached skill level 1 in Transmutations
 12134 | D:14     | Killed Urug
 12158 | D:14     | Found a gate to the Vaults.
 12282 | D:13     | Reached skill level 7 in Earth Magic
 12630 | Orc:1    | Entered Level 1 of the Orcish Mines
 12789 | Orc:1    | Found Xarul's General Store.
 12816 | Orc:1    | Bought a scroll of fear for 45 gold pieces
 12816 | Orc:1    | Bought a scroll of teleportation for 39 gold pieces
 12816 | Orc:1    | Bought a potion of heal wounds for 65 gold pieces
 12816 | Orc:1    | Bought 2 potions of curing for 78 gold pieces
 12842 | Orc:2    | Entered Level 2 of the Orcish Mines
 12851 | Orc:2    | Noticed Demitroll's ghost (journeyman DsMo)
 12863 | Orc:2    | Killed Demitroll's ghost
 12866 | Orc:2    | rip bud
 12946 | Orc:2    | Reached skill level 5 in Transmutations
 12974 | Orc:1    | Reached skill level 8 in Earth Magic
 13050 | Orc:2    | Reached XP level 14. HP: 63/63 MP: 26/26
 13175 | Orc:2    | Noticed Soeti's ghost (journeyman OpFi)
 13186 | Orc:2    | Killed Soeti's ghost
 13321 | Orc:2    | Reached skill level 9 in Earth Magic
 13341 | Orc:1    | Noticed Josephine
 13348 | Orc:1    | Killed Josephine
 13421 | Orc:2    | Found a staircase to the Elven Halls.
 13441 | Orc:2    | Found Nyicwid's Distillery.
 13443 | Orc:2    | Found Vyelef's Magic Scroll Shop.
 13457 | Orc:2    | Bought a potion of heal wounds for 65 gold pieces
 13457 | Orc:2    | Bought a potion of magic for 104 gold pieces
 13457 | Orc:2    | Bought a potion of heal wounds for 65 gold pieces
 13460 | Orc:2    | Found Weapadan's Distillery.
 13466 | Orc:2    | Found Jezaluog's Antique Weapon Emporium.
 13473 | Orc:2    | Reached skill level 10 in Earth Magic
 13476 | Orc:2    | Bought a scroll of teleportation for 51 gold pieces
 13476 | Orc:2    | Bought a scroll of teleportation for 51 gold pieces
 13494 | Orc:2    | Bought 2 potions of cancellation for 176 gold pieces
 13494 | Orc:2    | Bought a potion of brilliance for 44 gold pieces
 13494 | Orc:2    | Bought a potion of might for 44 gold pieces
 13494 | Orc:2    | Bought a potion of heal wounds for 55 gold pieces
 13494 | Orc:2    | Bought a potion of brilliance for 44 gold pieces
 13494 | Orc:2    | Bought a potion of heal wounds for 55 gold pieces
 13629 | Orc:1    | Noticed Nergalle
 13633 | Orc:1    | Killed Nergalle
 13705 | Orc:1    | Found a roughly hewn altar of Beogh.
 13802 | Orc:2    | Identified a scroll of acquirement
 13819 | Elf:1    | Entered Level 1 of the Elven Halls
 14008 | Elf:1    | Reached skill level 11 in Earth Magic
 14340 | Elf:2    | Reached XP level 15. HP: 66/66 MP: 29/29
 14490 | Elf:2    | Reached skill level 12 in Earth Magic
 14572 | Elf:2    | Found Zodeceri's Antique Armour Shoppe.
 14591 | Elf:2    | Reached skill level 10 in Spellcasting
 14650 | Elf:2    | Noticed Saint Roka
 14665 | Elf:2    | Killed Saint Roka
 14673 | Elf:2    | Found a huge runed gate.
 14673 | Elf:2    | Found a huge runed gate.
 14676 | Elf:2    | Found a huge runed gate.
 14718 | Elf:3    | Entered Level 3 of the Elven Halls
 14722 | Elf:3    | Noticed a Brimstone Fiend
 14724 | Elf:3    | Noticed a Tzitzimitl
 14738 | Elf:3    | Reached skill level 13 in Earth Magic
 14828 | Elf:3    | Found Sewaosant's Antique Armour Boutique.
 14877 | Elf:3    | HP: 3/66 [battleaxe of flaming (23)]
 14877 | Elf:3    | Slain by a battleaxe of flaming
 14878 | Elf:3    | Reached XP level 14. HP: -3/63 MP: 34/38
 15350 | Elf:3    | Reached XP level 15. HP: 66/66 MP: 31/31
 15514 | Elf:3    | Noticed a deep elf blademaster
 15515 | Elf:3    | Sergey: hello
 15522 | Elf:3    | Killed a deep elf blademaster
 15534 | Elf:3    | Reached skill level 14 in Earth Magic
 15548 | Elf:3    | Noticed a deep elf master archer
 15563 | Elf:3    | Killed a deep elf master archer
 15578 | Elf:3    | Killed from afar by a deep elf high priest
 15579 | Elf:3    | Reached XP level 14. HP: -7/81 MP: 30/39
 15749 | Elf:3    | Noticed a deep elf elementalist
 15755 | Elf:3    | Killed a deep elf elementalist
 15798 | Elf:3    | Noticed a deep elf sorcerer
 15800 | Elf:3    | Splashed by a deep elf sorcerer's acid

Vault maps used:
D:1:      dpeg_arrival_chambers_temple_mockup, minmay_unequal
D:2:      evilmike_ruin_ashenzari, moated_statue, uniq_jessica
D:3:      old_standard_altar, old_standard_altar,
          chequers_ecumenical_altar_simple_redux
D:4:      old_standard_altar, first_ration
D:5:      kennysheep_mini, lemuel_round_altar, lemuel_crystal_altar,
          nemelex_xobeh_ov_fountains_minmay
D:6:      eat_drink_and_be_merry_uskayaw, nicolae_gozag_seed_capital
D:7:      gammafunk_temple_overflow_statue, minmay_temple_entry_overgrown,
          serial_co_window_serial, co_window_corner_a, co_window_corner_a,
          co_window_of_opportunity_a, co_window_of_opportunity_a,
          co_window_paths_b, co_window_corner_b, co_window_broadway_b,
          co_window_paths_c, co_window_broadway_a, co_window_4corner_a,
          glass_columns_a, glass_columns_a, glass_columns_a, glass_columns_a,
          glass_columns_b, minmay_guarded_unrand_staff_of_olgreb
D:8:      kiku_gazebo_garden_becter, serial_shops, shop_coins
D:9:      kennysheep_mini_moat, serial_shops, shop
D:10:     minmay_the_grid_octo_tiled_squarecenter
D:11:     zombieorc2_lemuel
D:12:     hangedman_pestilent_swarm
D:13:     wad_cavern_with_rooms, portal_ice_cave_entry_pillars_2, serial_shops,
          nicolae_shop_stone, grunt_ministairs_7
D:14:     erik_vaults_1, uniq_urug, uniq_roxanne
D:15:     grunt_enter_depths_giant_problem, small_statue_alley_a,
          lab_entry_generic, minmay_misc_feat_encased
Temple:   grunt_temple_mini_profane
Orc:1:    serial_shops, shop, minmay_orc_temple_b, uniq_nergalle, uniq_josephine
Orc:2:    st_orc_open
Elf:1:    eino_elf_arrival_shootout, kennysheep_underground_church
Elf:2:    serial_shops, nicolae_shop_trees, lemuel_elevator, uniq_aizul,
          uniq_saint_roka
Elf:3:    grunt_elf_hall_asides, serial_shops, shop, grunt_megastairs_2
Lab:      labyrinth_mini_lab, nicolae_lab_lava
IceCv:    ice_cave_caverns_03

Skill      XL: |  1  2  3  4  5  6  7  8  9 10 11 12 13 14 15 |
---------------+----------------------------------------------+-----
Necromancy     | 5 6 7 |  7.0
Spellcasting   | 3 4 5 6 7 11 10 | 11.8
Dodging        | 3 4 6 9 10 11 12 | 12.0
Stealth        | 3 5 7 9 10 11 | 11.0
Unarmed Combat | 2 4 6 8 10 11 12 | 12.2
Fighting       | 1 2 4 6 7 8 |  8.0
Invocations    | 2 4 5 6 7 8 |  8.0
Evocations     | 1 2 4 |  4.0
Earth Magic    | 3 5 8 11 14 | 14.3
Transmutations | 5 6 |  6.8

Action                   |  1- 3 |  4- 6 |  7- 9 | 10-12 | 13-15 || total
-------------------------+-------+-------+-------+-------+-------++-------
Melee: Unarmed           |     3 |    83 |   555 |   796 |   712 ||  2149
       Bite              |       |     8 |    78 |   172 |   130 ||   388
       Punch             |       |       |    16 |    81 |    79 ||   176
 Cast: Pain              |    33 |    25 |    42 |    14 |     9 ||   123
       Vampiric Draining |     1 |    13 |    20 |    85 |    37 ||   156
       Regeneration      |       |     2 |    16 |    28 |    75 ||   121
       Animate Skeleton  |       |     1 |     4 |     1 |       ||     6
       Lee's Rapid Decon |       |       |       |     4 |    14 ||    18
       Statue Form       |       |       |       |       |    39 ||    39
Invok: Temporal Distorti |       |       |     3 |     6 |     1 ||    10
       Slouch            |       |       |       |     4 |     8 ||    12
       Bend Time         |       |       |       |     3 |       ||     3
Evoke: Wand              |       |       |    19 |    14 |     7 ||    40
  Use: Potion            |     1 |     2 |     3 |     5 |     3 ||    14
       Scroll            |     5 |     4 |     8 |     9 |     8 ||    34
 Stab: Sleeping          |       |     1 |    28 |    21 |    36 ||    86
       Distracted        |       |       |     1 |     2 |     1 ||     4
       Paralysed         |       |       |       |       |     1 ||     1
  Eat: Chunk             |     8 |     3 |    15 |    16 |    38 ||    80
Armor: Skin              |       |    11 |    17 |    19 |   144 ||   191
Dodge: Dodged            |     9 |    92 |   520 |   995 |  1180 ||  2796
Block: Other             |       |       |       |    21 |   157 ||   178
       Reflection        |       |       |       |     1 |     5 ||     6

Table legend:
 A = Spawn XP
 B = Non-spawn XP
 C = Spawn XP percentage of total XP
 D = Spawn monster count
 E = Non-spawn monster count
 F = Spawn count percentage of total count
 G = Total turns spent on level
                    A         B        C        D         E        F      G
               +---------+---------+-------+---------+---------+-------+---------
         Total |       0 |  175584 |   0.0 |       0 |     693 |   0.0 | 15800
               +---------+---------+-------+---------+---------+-------+---------
           D:1 |       0 |      37 |   0.0 |       0 |      21 |   0.0 |  1074
           D:2 |       0 |      96 |   0.0 |       0 |      22 |   0.0 |   988
           D:3 |       0 |     164 |   0.0 |       0 |      20 |   0.0 |   915
           D:4 |       0 |    1136 |   0.0 |       0 |       8 |   0.0 |   764
           D:5 |       0 |     863 |   0.0 |       0 |      27 |   0.0 |  1034
           D:6 |       0 |    1242 |   0.0 |       0 |      27 |   0.0 |  1039
           D:7 |       0 |    1140 |   0.0 |       0 |      29 |   0.0 |   858
           D:8 |       0 |    1233 |   0.0 |       0 |       7 |   0.0 |   351
           D:9 |       0 |    1891 |   0.0 |       0 |      15 |   0.0 |   686
          D:10 |       0 |    3537 |   0.0 |       0 |      21 |   0.0 |   832
          D:11 |       0 |    5111 |   0.0 |       0 |      92 |   0.0 |   739
          D:12 |       0 |    6701 |   0.0 |       0 |      29 |   0.0 |   529
          D:13 |       0 |    5017 |   0.0 |       0 |      22 |   0.0 |   604
          D:14 |       0 |   11498 |   0.0 |       0 |      32 |   0.0 |   599
          D:15 |       0 |    6751 |   0.0 |       0 |      22 |   0.0 |   534
         Orc:1 |       0 |    8533 |   0.0 |       0 |      60 |   0.0 |   565
         Orc:2 |       0 |   23586 |   0.0 |       0 |      62 |   0.0 |   624
         Elf:1 |       0 |   16202 |   0.0 |       0 |      30 |   0.0 |   479
         Elf:2 |       0 |   26167 |   0.0 |       0 |      48 |   0.0 |   420
         Elf:3 |       0 |   42057 |   0.0 |       0 |      51 |   0.0 |  1082
           Lab |       0 |    1967 |   0.0 |       0 |       5 |   0.0 |   173
         IceCv |       0 |   10655 |   0.0 |       0 |      43 |   0.0 |   747
               +---------+---------+-------+---------+---------+-------+---------
